 Dungeon Crawl Stone Soup version 0.30.1-4-g462c640d31 (webtiles) character file.

Game seed: 12707219929518174979

21 spardeous the Chopper (level 2, -2/39 HPs)
             Began as a Minotaur Berserker on Aug 23, 2023.
             Was a Believer of Trog.
             Killed from afar by Terence (4 damage)
             ... with a puff of flame
             ... on level 2 of the Dungeon.
             The game lasted 00:00:54 (678 turns).

spardeous the Chopper (Minotaur Berserker)           Turns: 678, Time: 00:00:54

Health: -2/39      AC:  6    Str: 21    XL:     2   Next: 65%
Magic:  1/1        EV: 11    Int:  4    God:    Trog [**....]
Gold:   97         SH:  0    Dex:  9    Spells: 1/1 levels left

rFire   . . .        a - +0 hand axe
rCold   . . .        (no shield)
rNeg    . . .        g - +0 ring mail
rPois   .            (helmet restricted)
rElec   .            (no cloak)
rCorr   .            e - +0 pair of gloves
SInv    .            (no boots)
Will    .....        (no amulet) Stlth
                     (no ring)
HPRegen 0.26/turn    (no ring)
MPRegen 0.07/turn

%: no passive effects
@: berserking, very quick
A: horns 2, retaliatory headbutt
a: Renounce Religion, Berserk, Trog's Hand


You were on level 2 of the Dungeon.
You worshipped Trog.
Trog was pleased with you.
You visited 1 branch of the dungeon, and saw 2 of its levels.

You collected 97 gold pieces.

Inventory:

Hand Weapons
 a - a +0 hand axe (weapon)
Armour
 b - a +0 animal skin
 e - a +0 pair of gloves (worn)
 g - a +0 ring mail (worn)
Scrolls
 c - a scroll of enchant weapon {unknown}
 d - a scroll of vulnerability {unknown}
 f - a scroll of fear {unknown}
 i - a scroll of blinking {unknown}
Potions
 h - a potion of heal wounds {unknown}
 j - 2 potions of curing {unknown}
 k - a potion of degeneration {unknown}
 l - a potion of attraction {unknown}


   Skills:
 - Level 3.6 Fighting
 + Level 4.9 Axes
 - Level 2.4 Armour
 - Level 2.1 Dodging


You had one spell level left.
You didn't know any spells.
Your spell library was empty.

Dungeon Overview and Level Annotations

Branches:
Dungeon (2/15)

Altars:

Annotations:
D:2 Terence


Innate Abilities, Weirdness & Mutations

You have a pair of horns on your head.
You reflexively headbutt those who attack you in melee.


Message History

Terence zaps a wand.
The puff of flame hits you.
You take 4 damage, and have 15/26 hp.
Terence zaps a wand.
The puff of flame misses you.
There is a stone staircase leading up here.
You climb upwards.
There is a stone staircase leading down here.
You start resting.
HP restored.
Health restored: 26 You climb downwards.
Level annotation: Terence
There is a stone staircase leading up here.
No target in view!
No target in view!
No target in view!
No target in view!
No target in view!
No target in view!
Terence zaps a wand.
The puff of flame hits you!
You take 7 damage, and have 19/26 hp.
MASSIVE DAMAGE!!
Terence zaps a wand.
The puff of flame hits you!
* * * LOW HITPOINT WARNING * * *
You take 10 damage, and have 9/26 hp.
MASSIVE DAMAGE!!
You are too injured to fight recklessly!
You are too injured to fight recklessly!
You are too injured to fight recklessly!
A red film seems to cover your vision as you go berserk!
You feel yourself moving faster!
You feel mighty!
Terence zaps a wand.
The puff of flame hits you.
* * * LOW HITPOINT WARNING * * *
You now have 8/39 hp.
You completely miss Terence. You headbutt Terence.
Terence is lightly wounded.
Terence hits you with a +0 falchion of electrocution!
* * * LOW HITPOINT WARNING * * *
You take 6 damage, and have 2/39 hp.
You hit Terence.
Terence is moderately wounded.
Terence zaps a wand.
The puff of flame hits you.
You die...

...........##.#..
.................
...........##....
...........# #.#
...........# #.#
.......#...####.#
##########...##.##
###..@..####
####@....# #..>†.#
#.....# #.....#
#..<..# #######


You could see Terence.

Vanquished Creatures
  An endoplasm (D:1)
  2 giant cockroaches (D:1)
  A goblin (D:1)
  2 hobgoblins (D:1)
  5 ball pythons (D:1)
  4 bats (D:1)
  2 frilled lizards
  2 kobolds (D:1)
  2 rats (D:1)
21 creatures vanquished.

Notes
Turn   | Place    | Note
-------+----------+-------------------------------------------
     0 | D:1      | spardeous the Minotaur Berserker began the quest for the
                  | Orb.
     0 | D:1      | Reached XP level 1. HP: 19/19 MP: 0/0
    77 | D:1      | Reached skill level 4 in Axes
   150 | D:1      | Reached XP level 2. HP: 23/26 MP: 1/1
   398 | D:1      | Reached ** piety under Trog
   615 | D:2      | Noticed Terence
   678 | D:2      | Killed from afar by Terence

Illustrated notes

Levels and vault maps discovered:
D:1:      amcnicky_arrival_blooded_trapdoor, layout_rooms
D:2:      layout_rooms, basic_altar, serial_bayou_pond_a, uniq_terence

Skill      XL: |  1 |
---------------+----+-----
Axes           | 4 |  4.9
Fighting       | |  3.6
Armour         | |  2.4
Dodging        | |  2.1

Action                     || total
---------------------------++-------
  Melee: Hand axe          ||    34
         Headbutt          ||     3
 Invoke: Berserk           ||     1
 Armour: Animal skin       ||     9
         Ring mail         ||     3
  Dodge: Dodged            ||    21
